 Dungeon Crawl Stone Soup version 0.21.1-1-g345015fe64 (webtiles) character file.

36 P0ring the Magician (level 3, -6/24 HPs)
             Began as a Human Wizard on Apr 8, 2018.
             Killed by nerve-wracking pain
             ... invoked by Jessica
              (14 damage)
             ... on level 2 of the Dungeon.
             The game lasted 00:21:35 (1548 turns).

P0ring the Magician (Human Wizard)                  Turns: 1548, Time: 00:21:36

Health: -6/24      AC:  2    Str:  7    XL:     3   Next: 57%
Magic:  1/7        EV: 12    Int: 19    God:
Gold:   57         SH:  0    Dex: 11    Spells: 0/8 levels left

rFire    . . .     SeeInvis .   (no weapon)
rCold    . . .     Gourm    .   (no shield)
rNeg     . . .     Faith    .   a - +0 robe
rPois    .         Spirit   .   b - +0 hat
rElec    .         Reflect  .   (no cloak)
rCorr    .         Harm     .   (no gloves)
MR       .....                  (no boots)
Stlth    ++........             (no amulet)
HPRegen  0.08/turn              (no ring)
MPRegen  0.10/turn              (no ring)

@: slowed, very slow
A: no striking features
a: no special abilities


You were on level 2 of the Dungeon.
You were very hungry.

You visited 1 branch of the dungeon, and saw 2 of its levels.

You collected 57 gold pieces.

Inventory:

Hand Weapons
 g - a +0 club
 l - a +0 club
 n - a cursed -2 whip
 p - a cursed -1 short sword
 r - a +1 short sword of draining
Armour
 a - a +0 robe (worn)
 b - a +0 hat (worn)
 m - a +0 ring mail
 o - a +0 robe
 s - the cursed +0 helmet of Tempters {Int+6, unknown}
   (You found it on level 1 of the Dungeon)

   It affects your intelligence (+6).
   It has a curse placed upon it.
 u - a +0 pair of gloves
Scrolls
 e - a scroll of enchant weapon
 f - 2 scrolls of amnesia
 h - a scroll of identify
 i - 2 scrolls of immolation
 k - 2 scrolls of remove curse
Potions
 j - a potion of agility {unknown}
 q - 3 potions of magic {unknown}
 t - 2 potions of lignification {unknown}
 v - a potion of might {unknown}
Books
 c - a book of Minor Magic

   Spells                             Type                      Level
   a - Magic Dart                     Conjuration                  1
   b - Blink                          Translocation                2
   c - Call Imp                       Summoning                    2
   d - Slow                           Hexes                        2
   e - Conjure Flame                  Conjuration/Fire             3
   f - Mephitic Cloud                 Conjuration/Poison/Air       3
Comestibles
 d - 4 rations


   Skills:
 + Level 2.4 Dodging
 + Level 2.0 Stealth
 + Level 3.4 Spellcasting
 + Level 1.9 Conjurations
 + Level 1.0 Summonings
 + Level 1.0 Translocations


You couldn't memorise any spells.
You knew the following spells:

 Your Spells              Type           Power        Failure   Level  Hunger
a - Magic Dart            Conj           ##..         6%          1    None
b - Call Imp              Summ           #.......     14%         2    ##.....
c - Conjure Flame         Conj/Fire      #.......     28%         3    ###....
d - Blink                 Tloc           N/A          14%         2    ##.....


Dungeon Overview and Level Annotations

Branches:
Dungeon (2/15)

Altars:

Annotations:
D:2 Jessica


Message History

Jessica closely misses you. Jessica misses you. Jessica hits you.
Jessica completely misses you.
Really attack barehanded? [Y]es or [N]o only, please.
Really attack barehanded? [Y]es or [N]o only, please.
Really attack barehanded?
Okay, then.
Jessica points at you and mumbles some strange words.
You feel as though you will be slow longer.
Jessica gestures at you while chanting.
You barely resist.
Jessica gestures wildly while chanting.
Jessica blinks!
The worm bites you!
Jessica points at you and mumbles some strange words.
Pain shoots through your body!
Ouch! That really hurt!
You die...

# # . ####
#.########## #..
#.....><.... #.#
#.####.###.#
#########.####
.........
#..........w.#
#.#.###..
#.#>########@#
#... #.. #.# #.# #
#..# #.. #.#.#
#.##.# #.. #).
#.#.#
#.@..#####..## #..
#.#.#
####.$.......###..
#.#.#
##....#......
#...# #...###.#
#..w# ##.## #.#
##..# #.# #.#


You could see a worm and Jessica.

Vanquished Creatures
  2 leopard geckos (D:1)
  3 hobgoblins (D:1)
  5 kobolds (D:1)
  A ball python (D:1)
  3 bats
  2 frilled lizards (D:1)
  4 goblins
  5 rats
25 creatures vanquished.

Vanquished Creatures (collateral kills)
  An ooze (D:1)
  A bat (D:1)
  2 hobgoblins (D:1)
  2 kobolds (D:1)
  A rat (D:1)
7 creatures vanquished.

Grand Total: 32 creatures vanquished

Notes
Turn   | Place    | Note
-------+----------+-------------------------------------------
     0 | D:1      | P0ring the Human Wizard began the quest for the Orb.
     0 | D:1      | Reached XP level 1. HP: 13/13 MP: 4/4
   476 | D:1      | Reached XP level 2. HP: 16/19 MP: 4/6
   480 | D:1      | Learned a level 2 spell: Call Imp
   714 | D:1      | Reached XP level 3. HP: 20/24 MP: 0/7
   884 | D:1      | Learned a level 2 spell: Call Imp
   888 | D:1      | Learned a level 3 spell: Conjure Flame
  1097 | D:1      | Got a scorched helmet
  1329 | D:1      | Learned a level 2 spell: Blink
  1536 | D:2      | Noticed Jessica
  1548 | D:2      | Killed from afar by Jessica

Action                   || total
-------------------------++-------
 Cast: Magic Dart        ||    71
       Call Imp          ||     3
       Conjure Flame     ||     1
  Use: Scroll            ||     6
  Eat: Chunk             ||     1
Armor: Robe              ||    16
Dodge: Dodged            ||    64
